 Dungeon Crawl Stone Soup version 0.30.0-29-ga12c61a403 (webtiles) character file.

Game seed: 8783840496433446644

1251 monsoonserge the Sneak (level 8, -1/39 HPs)
             Began as a Vine Stalker Enchanter on June 12, 2023.
             Slain by a hornet (10 damage)
             ... on level 6 of the Dungeon.
             The game lasted 00:17:09 (5501 turns).

monsoonserge the Sneak (Vine Stalker Enchanter)     Turns: 5501, Time: 00:17:09

Health: -1/39      AC:  8    Str: 10    XL:     8   Next: 51%
Magic:  0/13       EV: 11    Int: 19    God:
Gold:   208        SH:  0    Dex: 16    Spells: 0/13 levels left

rFire   + + .        b - +9 hammer "Pynlom" {freeze, rF+ Int+2}
rCold   + . .        (no shield)
rNeg    . . .        s - +0 ring mail {rC+}
rPois   .            D - +0 helmet
rElec   .            w - +0 cloak
rCorr   .            (no gloves)
SInv    .            (no boots)
Will    +....        H - amulet of regeneration
Stlth   ++           j - ring of protection from fire
HPRegen 1.86/turn    t - +4 ring of slaying
MPRegen 0.13/turn

%: guardian spirit
@: lethally poisoned (-1 -> -2), very slightly contaminated, slowed, very slow
A: fangs 3, regeneration 1, magic shield, antimagic bite, no potion heal 2
a: no special abilities


You were on level 6 of the Dungeon.
You visited 2 branches of the dungeon, and saw 7 of its levels.

You collected 208 gold pieces.

Inventory:

Hand Weapons
 a - a +1 dagger of holy wrath
 b - the +9 hammer "Pynlom" (weapon) {freeze, rF+ Int+2}
   (You found it on level 2 of the Dungeon)

   Int:       It affects your intelligence (+2).
   rF:        It protects you from fire.
Missiles
 p - 4 poisoned darts (quivered)
 E - a throwing net
 J - 3 silver javelins
Armour
 s - a +0 ring mail of cold resistance (worn)
 w - a +0 cloak (worn)
 D - a +0 helmet (worn)
 I - a scarf of shadows
Jewellery
 i - an amulet of the acrobat
 j - a ring of protection from fire (left hand)
 t - a +4 ring of slaying (right hand)
 B - a ring of positive energy
 H - an amulet of regeneration (around neck)
Scrolls
 e - 4 scrolls of teleportation {unknown}
 f - a scroll of brand weapon {unknown}
 h - 8 scrolls of identify {unknown}
 m - a scroll of fear {unknown}
 q - a scroll of amnesia {unknown}
 u - a scroll of torment {unknown}
 x - a scroll of silence {unknown}
 y - 2 scrolls of poison {unknown}
 z - a scroll of noise {unknown}
 A - a scroll of enchant armour {unknown}
 F - a scroll of magic mapping {unknown}
 G - 2 scrolls of fog {unknown}
Potions
 c - 3 potions of invisibility
 d - a potion of lignification {unknown}
 g - 3 potions of heal wounds {unknown}
 k - a potion of brilliance {unknown}
 l - 2 potions of mutation {unknown}
 n - 3 potions of might {unknown}
 o - 2 potions of attraction {unknown}
 r - 2 potions of degeneration {unknown}
 v - a potion of curing {unknown}
 C - a potion of haste {unknown}


   Skills:
 + Level 2.0 Fighting
 - Level 1.1 Short Blades
 + Level 4.8 Maces & Flails
 * Level 4.0 Armour
 + Level 2.7 Dodging
 - Level 5.0 Stealth
 - Level 3.0 Spellcasting
 * Level 1.7 Conjurations
 * Level 4.3 Hexes
 - Level 0.3 Translocations
 - Level 1.0 Ice Magic


You couldn't memorise any spells.
You knew the following spells:

 Your Spells              Type           Power      Damage    Failure   Level
a - Ensorcelled Hibernat  Hex/Ice        26%        N/A       19%         2
b - Confusing Touch       Hex            19%        N/A       19%         3
c - Blink                 Tloc           8%         N/A       45%         2
d - Tukima's Dance        Hex            19%        N/A       19%         3
e - Dazzling Flash        Conj/Hex       28%        N/A       32%         3

Your spell library contained the following spells:

 Spells                   Type           Power      Damage    Failure   Level
 Necrotise                Necr           8%         1d4       36%         1
 Momentum Strike          Conj/Tloc      12%        3d8       36%         2
 Lesser Beckoning         Tloc           8%         N/A       45%         2
 Passwall                 Tmut/Erth      1%         N/A       50%         2
 Hailstorm                Conj/Ice       8%         3d4       54%         3
 Volatile Blastmotes      Fire/Tloc      6%         2d10      71%         3
 Swiftness                Air            2%         N/A       73%         3
 Vampiric Draining        Necr           2%         2d6       73%         3
 Iskenderun's Mystic Bla  Conj/Tloc      6%         2d4       94%         4
 Ice Form                 Ice/Tmut       4%         N/A       96%         4
 Agony                    Necr           2%         N/A       100%        5
 Simulacrum               Ice/Necr       2%         N/A       100%        6
 Starburst                Conj/Fire      3%         6d3       100%        6


Dungeon Overview and Level Annotations

Branches:
Dungeon (6/15)             Temple (1/1) D:4

Altars:
Ashenzari
Cheibriados
Dithmenos
Elyvilon
Fedhas
Gozag
Kikubaaqudgha
Makhleb
Nemelex Xobeh
Okawaru
Qazlal
Ru
Sif Muna
Trog
Uskayaw
Vehumet
Xom
Yredelemnul
Zin
The Shining One


Innate Abilities, Weirdness & Mutations

You have razor-sharp teeth.
Your natural rate of healing is unusually fast.
When hurt, damage is shared between your health and your magic reserves.
Your bite disrupts and absorbs the magic of your enemies.
Potions cannot restore your health.


Message History

The hornet buzzes angrily.
Throw: 7 darts (poison)
Press: ? - help, Q - select action, (/) - cycle Shift-Dir - straight line, f - hornet
Aim: a hornet (53% to hit)
You throw a poisoned dart. The poisoned dart hits the hornet.
Throw: 6 darts (poison)
Press: ? - help, Q - select action, (/) - cycle Shift-Dir - straight line, f/p - hornet
Aim: a hornet (53% to hit)
You throw a poisoned dart. The poisoned dart misses the hornet.
Throw: 5 darts (poison)
Press: ? - help, Q - select action, (/) - cycle Shift-Dir - straight line, f/p - hornet
Aim: a hornet (53% to hit)
You throw a poisoned dart. The poisoned dart hits the hornet.
You barely miss the hornet. The hornet stings you!
You feel yourself slow down. The hornet stings you!
You feel as though you will be slow longer.
You closely miss the hornet. Your bite misses the hornet.
The hornet stings you.
You are poisoned.
You feel as though you will be slow longer.
The hornet stings you!
* * * LOW HITPOINT WARNING * * *
You suddenly lose the ability to move!
You can move again.
Okay, then.
Okay, then.
Press: ? - help, v - describe, . - travel
Here: a hornet The floor.
Casting: Ensorcelled Hibernation (safe; 19% risk of failure)
Confirm with . or Enter, or press ? or * to list all spells.
Aiming: Ensorcelled Hibernation (safe; 19% risk of failure)
Press: ? - help, Shift-Dir - straight line, f/p - hornet
Aim: a hornet (chance to affect: 37%)
You miscast Ensorcelled Hibernation.
You are very lightly contaminated with residual magic.
Nothing appears to happen.
You feel very sick. The hornet stings you!
You die...

#..# #.#
#..### #.#
#....# #.#
#.##.# #.#
#.##.###.#
#........#
#
####.#####
....#####.#
(.(..(y@..#
###.#######


You could see a hornet.

Vanquished Creatures
  A shadow (D:6)
  2 black bears
  An ice beast (D:4)
  2 bullfrogs (D:6)
  3 scorpions
  A howler monkey (D:5)
  Crazy Yiuf (D:2)
  2 hounds (D:5)
  A jelly (D:5)
  4 iguanas
  A sleepcap (D:5)
  Robin (D:2)
  4 gnolls (D:4)
  10 adders
  A white imp (D:6)
  A worm (D:5)
  2 dart slugs
  3 orcs
  3 bats
  7 endoplasms
  4 giant cockroaches
  12 goblins
  10 hobgoblins
  4 jackals
  A quokka (D:3)
  8 ball pythons
  2 frilled lizards
  12 kobolds
  7 rats
111 creatures vanquished.

Notes
Turn   | Place    | Note
-------+----------+-------------------------------------------
     0 | D:1      | monsoonserge the Vine Stalker Enchanter began the quest for
                  | the Orb.
     0 | D:1      | Reached XP level 1. HP: 9/9 MP: 4/4
   195 | D:1      | Reached XP level 2. HP: 10/13 MP: 4/6
   201 | D:1      | Learned a level 2 spell: Ensorcelled Hibernation
   826 | D:2      | Reached skill level 4 in Stealth
   826 | D:2      | Reached XP level 3. HP: 7/16 MP: 0/7
   836 | D:2      | Learned a level 3 spell: Confusing Touch
   901 | D:2      | Reached skill level 1 in Short Blades
   901 | D:2      | Reached skill level 1 in Ice Magic
   977 | D:2      | Noticed Robin
   993 | D:3      | Learned a level 2 spell: Blink
  1054 | D:3      | Gained mutation: Your natural rate of healing is unusually
                  | fast. [Vine Stalker growth]
  1054 | D:3      | Reached XP level 4. HP: 21/21 MP: 3/8
  1471 | D:2      | Found a runed translucent door.
  1472 | D:2      | Noticed Crazy Yiuf
  1490 | D:2      | Killed Crazy Yiuf
  1500 | D:2      | Identified the +9 hammer "Pynlom" {freeze, rF+ Int+2}
  1654 | D:2      | Reached XP level 5. HP: 25/25 MP: 10/10
  1958 | D:3      | Reached skill level 5 in Stealth
  2193 | D:3      | Found a faded altar of an unknown god.
  2453 | D:2      | Killed Robin
  2454 | D:2      | Reached skill level 1 in Armour
  2493 | D:4      | Noticed a black bear
  2530 | D:4      | Found a staircase to the Ecumenical Temple.
  2544 | Temple   | Entered the Ecumenical Temple
  3286 | D:4      | Reached skill level 1 in Maces & Flails
  3286 | D:4      | Reached XP level 6. HP: 29/29 MP: 11/11
  3328 | D:4      | Killed a black bear
  3329 | D:4      | Reached skill level 1 in Fighting
  3520 | D:4      | Reached XP level 7. HP: 30/33 MP: 9/12
  4107 | D:5      | Entered Level 5 of the Dungeon
  4427 | D:5      | Learned a level 3 spell: Tukima's Dance
  4791 | D:5      | Gained mutation: You have razor-sharp teeth. [Vine Stalker
                  | growth]
  4791 | D:5      | Reached XP level 8. HP: 38/38 MP: 13/13
  4891 | D:5      | Learned a level 3 spell: Dazzling Flash
  5083 | D:6      | Reached skill level 1 in Conjurations
  5338 | D:6      | Found a burning altar of Makhleb.
  5340 | D:6      | Noticed an Executioner
  5362 | D:6      | Noticed a shadow
  5375 | D:6      | Killed a shadow
  5495 | D:6      | Noticed a hornet
  5500 | D:6      | Paralysed by a hornet for 1 turns
  5501 | D:6      | Slain by a hornet

Illustrated notes

Levels and vault maps discovered:
D:1:      amcnicky_arrival_blooded_trapdoor, layout_loops_ring
D:2:      layout_basic, uniq_robin, uniq_crazy_yiuf_cottage
D:3:      layout_rooms, chequers_ecumenical_altar_lobes, corexii_shack,
          serial_bayou_crossing
D:4:      layout_layer_cave, minmay_temple_entry_wispy, minmay_misc_feat_rugged
D:5:      layout_basic, item_on_display_a
D:6:      layout_loops_corners, makhleb_altar_promises_db, eino_curves_04,
          uniq_eustachio
Temple:   compressed_dpeg_triangle_lava_temple

Skill      XL: |  1  2  3  4  5  6  7  8 |
---------------+-------------------------+-----
Stealth        | 4 5 |  5.0
Short Blades   | 1 |  1.1
Ice Magic      | 1 |  1.0
Dodging        | 2 |  2.7
Armour         | 1 2 3 4 |  4.0
Spellcasting   | 3 |  3.0
Maces & Flails | 1 2 3 4 |  4.8
Fighting       | 1 2 |  2.0
Conjurations   | 1 |  1.7
Hexes          | 4 |  4.3
Translocations | |  0.3

Action                     |  1- 3 |  4- 6 |  7- 9 || total
---------------------------+-------+-------+-------++-------
  Melee: Dagger            |    79 |    35 |       ||   114
         Bite              |    16 |    18 |    17 ||    51
         Punch             |     1 |     1 |     1 ||     3
         Mace              |       |    84 |    56 ||   140
  Throw: Dart              |       |       |     3 ||     3
   Cast: Ensorcelled Hiber |     9 |     2 |       ||    11
   Stab: Sleeping          |    11 |     7 |     6 ||    24
 Armour: Robe              |    13 |       |       ||    13
         Ring mail         |       |    41 |    17 ||    58
  Dodge: Dodged            |    44 |   106 |    26 ||   176
